[Event "Dutch Open 2022"]
[Site "Dieren"]
[Date "2022.08.01"]
[Round "6.8"]
[White "Grutter, Tim"]
[Black "Baselmans, Sam"]
[Result "0-1"]
[ECO "C83"]
[WhiteElo "2246"]
[BlackElo "2182"]
[Annotator "TA"]
[PlyCount "112"]
[EventDate "2022.07.14"]
[EventType "swiss"]
[EventCountry "NED"]
[SourceTitle "playchess.com"]
[Source "ChessBase"]
[SourceQuality "1"]
[TimeControl "40/5400+30:1800+30"]

1. e4 e5 2. Nf3 Nc6 3. Bb5 a6 4. Ba4 Nf6 5. O-O Nxe4 6. d4 b5 7. Bb3 d5 8. dxe5 Be6 9. c3 Be7 10. Be3 O-O 11. Nbd2 Qd7 {[%emt 0:00:16] 11...Qd7 has become a bit dusty these days.} 12. Bc2 f5 {[%emt 0:07:50] C83: Open Ruy Lopez: 9 c3 Be7.} 13. exf6 Nxf6 14. Qb1 Kh8 {[%emt 0:07:58] The position is equal.} 15. Ng5 ({White should try} 15. b4 $14) 15... Ng4 $15 16. Nxe6 Qxe6 17. Re1 {[%emt 0:02:02][%cal Bf1e1,Be1e3,Be3h3][%mdl 32] [#]} Qd6 $146 (17... Nce5 $15 18. Qd1 (18. Bxh7 g6 $17) 18... Bd6) ({Predecessor:} 17... Nce5 18. Bd4 Bd6 19. h3 c5 20. hxg4 cxd4 21. cxd4 Qf6 22. Re2 Nxg4 23. Nf3 Qh6 24. Bf5 Bh2+ 25. Kf1 Bg3 26. Bxg4 Qh1+ 27. Ng1 Bh2 28. Ke1 Qxg2 {0-1 (28) Hubley,R-Pe Ang,R IECG email 1995}) 18. Nf1 $1 $11 g6 19. Qd1 Nxe3 20. Rxe3 Bf6 21. Rh3 Bg7 22. Qd2 (22. Qg4 $5 ) 22... Rad8 (22... Ne5 $5 ) 23. a4 b4 24. cxb4 (24. Rd1 $11) 24... Ne5 ({Black should play} 24... Nxb4 $17 25. Bxg6 Qxg6 26. Qxb4 Rb8) 25. Qg5 Qe6 {[%emt 0:10:04][%cal Oe6h3][%mdl 1024] Black has compensation.} (25... Qxb4 $2 26. Bxg6 Qf4 27. Qxf4 (27. Rxh7+ Kg8 $16) 27... Rxf4 28. Bxh7 $18 (28. Rxh7+ Kg8 $16)) (25... Rf6 $5 ) 26. Qh4 h6 {[%emt 0:00:46] Active counter play!} 27. Raa3 (27. Nd2 $11 {keeps the balance.}) 27... Rd7 $17 28. Rhe3 {[%emt 0:02:41] [#]} Rdf7 $1 29. f3 Qb6 {[%emt 0:01:32][%cal Of7f3] aiming for ...Rxf3!} 30. a5 $2 {[%emt 0:00:07][%mdl 8192] [#] This costs White the game.} (30. Qg3 $17 {is a better chance.}) 30... Rxf3 $1 $19 {[%emt 0:04:47][%csl Gf8][%cal Rf3f1][%mdl 576] Pin} 31. Bd3 {[%emt 0:03:05] [#]} Qa7 32. Be2 g5 33. Qe1 {[%emt 0:01:17] [#]} R3f4 $40 {[%emt 0:01:33][%mdl 128] Black attacks with force.} (33... Rxf1+ $1 34. Bxf1 Ng4) 34. g3 $2 (34. Ng3) 34... Nf3+ 35. Bxf3 Rxf3 36. Kg2 Rxf1 37. Qxf1 Rxf1 38. Kxf1 Qd4 39. Rad3 Qxb2 40. Rxd5 Qc1+ 41. Ke2 Qc4+ 42. Red3 Qxb4 43. Rd7 Qxa5 44. Re7 Qb5 45. Rf7 a5 (45... Qe8+ $142 46. Re7 Qxe7+ 47. Kd1 Qe4 48. Kd2 Qg2+ 49. Ke3 Qxh2 50. Rd8+ Kh7 51. Kf3 Be5 52. g4 Qf4+ 53. Ke2 Qxg4+ 54. Ke3 Qf4+ 55. Kd3 g4 56. Ke2 Qf3+ 57. Kd2 g3 58. Rd7+ Kg6 59. Re7 g2 60. Re6+ Kf5 61. Re8 Qc3+ 62. Ke2 Qc2+ 63. Kf3 g1=N+ 64. Ke3 Qe2#) 46. Kd2 Qb4+ 47. Ke2 Qc4 48. Rff3 a4 {[%emt 0:00:00] ...a3 is the strong threat.} 49. Ke1 Bd4 50. Kd2 Qb4+ 51. Ke2 c5 {[%emt 0:00:00] White must now prevent ...Qb2+.} 52. Rf8+ Kg7 53. Rdf3 Qc4+ {[%emt 0:00:00] Black mates.} 54. Kd2 {[%emt 0:00:00] [#]} Bc3+ $1 55. Ke3 (55. Rxc3 Qd4+) 55... a3 56. Ra8 Qd4+ {[%emt 0:00:00] Weighted Error Value: White=0.99/Black=0.41} 0-1

[Event "Dutch Open 2022"]
[Site "Dieren"]
[Date "2022.08.01"]
[Round "6.9"]
[White "Kumar, Prajit Sai"]
[Black "Labruyere, Roger"]
[Result "1-0"]
[ECO "A48"]
[WhiteElo "2040"]
[BlackElo "2070"]
[Annotator "NA RC"]
[PlyCount "97"]
[EventDate "2022.07.14"]
[EventType "swiss"]
[EventCountry "NED"]
[SourceTitle "playchess.com"]
[Source "ChessBase"]
[SourceQuality "1"]
[TimeControl "40/5400+30:1800+30"]

1. d4 Nf6 2. Nf3 g6 3. Bg5 Bg7 4. Nbd2 O-O 5. e3 d6 6. Bc4 Nbd7 7. O-O c6 8. Re1 e5 9. dxe5 dxe5 10. e4 Qc7 11. c3 b5 12. Bf1 Nc5 13. Qc2 Ne6 14. Bh4 Bb7 15. a4 a6 16. c4 b4 17. c5 Nd7 18. Be7 Rfe8 19. Bd6 Qc8 20. a5 Bf8 21. Bxf8 Rxf8 22. Nb3 Qd8 23. Rac1 Qe7 24. Qc4 Ra7 25. Qxb4 Rb8 26. Qc3 Bc8 27. Nfd2 Rab7 28. Re3 Rb4 29. Qc2 Ndxc5 30. Nxc5 Rxb2 31. Qc3 Nxc5 32. Nf3 Nd7 33. Qxc6 Bb7 34. Qc3 Rb4 35. Qa3 Ba8 36. Bxa6 Nc5 37. Bf1 Qa7 38. Nxe5 Nxe4 39. Rd1 Rb1 40. Rxb1 Rxb1 41. Qd3 Rb2 42. Qd8+ Kg7 43. Nd7 h5 44. Qf8+ Kh7 45. Qxf7+ Kh6 46. Qf8+ Kg5 47. h4+ Kg4 48. Qf3+ Kxh4 49. Qf4# 1-0

[Event "Dutch Open 2022"]
[Site "Dieren"]
[Date "2022.08.01"]
[Round "6.10"]
[White "Manukonda Arun"]
[Black "Pijkeren, Jan"]
[Result "1/2-1/2"]
[ECO "A57"]
[WhiteElo "2021"]
[BlackElo "2196"]
[Annotator "NA RC"]
[PlyCount "63"]
[EventDate "2022.07.14"]
[EventType "swiss"]
[EventCountry "NED"]
[SourceTitle "playchess.com"]
[Source "ChessBase"]
[SourceQuality "1"]
[TimeControl "40/5400+30:1800+30"]

1. d4 Nf6 2. c4 c5 3. d5 b5 4. cxb5 a6 5. e3 g6 6. Nc3 Bg7 7. a4 O-O 8. e4 Bb7 9. Nf3 e6 10. bxa6 Nxa6 11. Bc4 exd5 12. exd5 Re8+ 13. Be3 Ng4 14. O-O Rxe3 15. fxe3 Nxe3 16. Qb3 Rb8 17. Nb5 Nxf1 18. Rxf1 d6 19. Qe3 Nc7 20. Nxc7 Qxc7 21. b3 Qd7 22. Re1 Bf6 23. Kh1 Qf5 24. Qd2 Ra8 25. h3 Kg7 26. Rf1 Qe4 27. Re1 Qf5 28. Rf1 Qe4 29. Re1 Qf5 30. Rf1 Qe4 31. Nh2 Qf5 32. Nf3 1/2-1/2

[Event "Dutch Open 2022"]
[Site "Dieren"]
[Date "2022.08.01"]
[Round "6.11"]
[White "Vos, Tjark"]
[Black "Achuthan, Dylan"]
[Result "0-1"]
[ECO "B32"]
[WhiteElo "2224"]
[BlackElo "1989"]
[Annotator "TA"]
[PlyCount "86"]
[EventDate "2022.07.14"]
[EventType "swiss"]
[EventCountry "NED"]
[SourceTitle "playchess.com"]
[Source "ChessBase"]
[SourceQuality "1"]
[TimeControl "40/5400+30:1800+30"]

1. e4 c5 2. Nf3 Nc6 3. d4 cxd4 4. Nxd4 e5 5. Nb5 d6 6. c4 g6 {[%emt 0:00:05] 6...Be6 is the modern continuation. B32: Sicilian: Löwenthal and Kalashnikov Variations.} 7. N1c3 a6 8. Na3 Bg7 {[%emt 0:00:03] White has an edge.} 9. Be2 Nf6 10. O-O Be6 11. Be3 (11. Bg5 {is more complex.} Nd4 12. Nc2 O-O 13. Nxd4 exd4 14. Nd5) 11... O-O 12. f3 Nh5 13. Nc2 Rc8 {[%emt 0:00:17] [#]} 14. b3 $146 ({Predecessor:} 14. Nd5 Bxd5 15. Qxd5 Nd4 16. Bd3 b5 17. Nxd4 exd4 18. Bg5 Qb6 19. cxb5 Rc5 20. Qb3 Rxg5 21. bxa6 Qxb3 22. axb3 {0-1 (32) Pichot,A (2630)-Giri,A (2780) chess24.com INT 2021}) 14... Nf4 15. Nd5 Bxd5 16. cxd5 Nxe2+ 17. Qxe2 Nd4 18. Bxd4 exd4 19. Rad1 Qb6 {[%emt 0:05:21][%cal Oc8c2] White must now prevent ...Rxc2!} 20. Rd3 Rc3 21. Rfd1 Rfc8 $36 {[%emt 0:04:03][%mdl 2048] Black has the initiative.} (21... Qc5 $5 22. Nxd4 {[#]} Rc2 $1 $11) 22. Nxd4 (22. Rxc3 $11 {keeps the balance.} dxc3+ 23. Kf1) 22... Bxd4+ (22... Rc2 $142 $1 23. Qe3 Rxa2) 23. Rxd4 $17 Rc1 {[%emt 0:00:14] ( -> ...Qxd4+)} 24. Kf2 R8c2 25. R1d2 Rxa2 {[%emt 0:10:01][%cal Oc1b1][%mdl 64] [#] ...Rb1! is the strong threat. Deflection} 26. Rxa2 $2 {[%emt 0:00:38] Now White is beyond hope.} (26. Qe3 $15 Rxd2+ 27. Qxd2) 26... Qxd4+ $15 {[%emt 0:00:05][%mdl 4096] Endgame KQR-KQR} 27. Kg3 Qe5+ 28. Kh3 $2 (28. Kf2 Qxh2 29. Qd2) 28... Qh5+ $19 ({And not} 28... Rh1 29. g4 $19) 29. Kg3 g5 30. Kf2 Qh4+ 31. g3 Qxh2+ 32. Ke3 Qxg3 33. Kd3 {[%emt 0:01:11] Prevents Rc3+.} Re1 34. Qf2 Rd1+ 35. Ke2 Qxf2+ 36. Kxf2 {[%emt 0:00:06] KR-KR} Rb1 37. Rc2 Rxb3 {[%emt 0:00:58] Black is clearly winning.} 38. Rc8+ Kg7 39. Rd8 Rb6 40. Ke3 Kf6 {[%emt 0:00:43] And now ...a5 would win.} 41. Rh8 a5 42. Rxh7 a4 43. e5+ Kxe5 {[%emt 0:00:25] Weighted Error Value: White=0.56/Black=0.15 (very precise)} 0-1

[Event "Dutch Open 2022"]
[Site "Dieren"]
[Date "2022.08.01"]
[Round "6.12"]
[White "Vogel, Jaap"]
[Black "Op den Dries, Johan"]
[Result "0-1"]
[ECO "D02"]
[WhiteElo "2147"]
[BlackElo "2104"]
[Annotator "RC"]
[PlyCount "136"]
[EventDate "2022.07.14"]
[EventType "swiss"]
[EventCountry "NED"]
[SourceTitle "playchess.com"]
[Source "ChessBase"]
[SourceQuality "1"]
[TimeControl "40/5400+30:1800+30"]

1. d4 d5 2. Bf4 Nf6 3. e3 c5 4. Nf3 Nc6 5. c3 Qb6 6. Qb3 c4 7. Qc2 Bf5 8. Qc1 h6 9. h3 g5 10. Bh2 Bg7 11. Nbd2 O-O 12. Be2 Ne4 13. O-O Rac8 14. Nxe4 Bxe4 15. Nd2 Bg6 16. Bf3 e6 17. e4 Rfd8 18. e5 Nxd4 19. cxd4 Qxd4 20. Re1 b5 21. Bd1 b4 22. Nf3 Qc5 23. Bc2 Bxc2 24. Qxc2 d4 25. Qe4 c3 26. bxc3 bxc3 27. h4 gxh4 28. Bf4 d3 29. Rad1 Qc4 30. Qe3 Kh7 31. g3 hxg3 32. fxg3 Bf8 33. Kg2 Qxa2+ 34. Kh3 Qc4 35. Rh1 Bc5 36. Qe1 c2 37. Rc1 Bb4 38. Qf2 Rg8 39. Nd2 Bxd2 40. Qxd2 Rg6 41. Ra1 Rcg8 42. Kh2 a6 43. Ra3 Rd8 44. Rc3 Qe4 45. Re1 Qf3 46. Re3 Qd1 47. Re1 Qxd2+ 48. Bxd2 Rg4 49. Rf1 Rd7 50. Rf4 Rxf4 51. gxf4 Kg6 52. Kg3 f6 53. exf6 Kxf6 54. Kf3 h5 55. Rc5 Rd5 56. Rc8 a5 57. Ke4 h4 58. Rh8 c1=Q 59. Bxc1 d2 60. Bxd2 Rxd2 61. Rxh4 a4 62. Rh6+ Kg7 63. Rh3 Rd5 64. Ra3 Ra5 65. Kd4 Kf6 66. Kc4 Kf5 67. Kb4 Ra8 68. Re3 a3 0-1

[Event "Dutch Open 2022"]
[Site "Dieren"]
[Date "2022.08.01"]
[Round "6.13"]
[White "Binnendijk, Ferdinand"]
[Black "Shakhverdian, William"]
[Result "1/2-1/2"]
[ECO "D37"]
[WhiteElo "2147"]
[BlackElo "2040"]
[Annotator "RC"]
[PlyCount "104"]
[EventDate "2022.07.14"]
[EventType "swiss"]
[EventCountry "NED"]
[SourceTitle "playchess.com"]
[Source "ChessBase"]
[SourceQuality "1"]
[TimeControl "40/5400+30:1800+30"]

1. d4 d5 2. c4 e6 3. Nc3 a6 4. cxd5 exd5 5. Nf3 Nf6 6. Bg5 Be6 7. e3 Nbd7 8. Bd3 c6 9. O-O Bd6 10. Re1 Qb8 11. e4 dxe4 12. Nxe4 Nxe4 13. Bxe4 O-O 14. Qc2 h6 15. Bh4 Qc7 16. Rad1 Rac8 17. d5 cxd5 18. Qxc7 Bxc7 19. Bxd5 Bxd5 20. Rxd5 Nb6 21. Rd4 Rfe8 22. Kf1 Kf8 23. g4 a5 24. a4 Rxe1+ 25. Kxe1 g5 26. Bg3 Bxg3 27. hxg3 Rc2 28. b3 Rc3 29. Nd2 Ke7 30. Ke2 Ke6 31. Rd8 Rc8 32. Rd3 Nd5 33. Nc4 Rc5 34. Kd2 f6 35. Rd4 f5 36. gxf5+ Kxf5 37. g4+ Kf6 38. Re4 Nf4 39. Ke3 b5 40. Nxa5 bxa4 41. Rxa4 Rc3+ 42. Ke4 Rc2 43. f3 Re2+ 44. Kd4 Rd2+ 45. Kc5 Rd3 46. b4 Ne6+ 47. Kc6 Rc3+ 48. Kd5 Rxf3 49. b5 Nc7+ 50. Kc6 Nxb5 51. Kxb5 Rf4 52. Rc4 Rxc4 1/2-1/2

[Event "Dutch Open 2022"]
[Site "Dieren"]
[Date "2022.08.01"]
[Round "6.14"]
[White "Saketh, Pedagandham"]
[Black "Zwirs, Jasper"]
[Result "0-1"]
[ECO "B51"]
[WhiteElo "1928"]
[BlackElo "2105"]
[Annotator "NA RC"]
[PlyCount "50"]
[EventDate "2022.07.14"]
[EventType "swiss"]
[EventCountry "NED"]
[SourceTitle "playchess.com"]
[Source "ChessBase"]
[SourceQuality "1"]
[TimeControl "40/5400+30:1800+30"]

1. e4 c5 2. Nf3 d6 3. Bb5+ Nd7 4. c4 Ngf6 5. Nc3 g6 6. d3 Bg7 7. h3 O-O 8. Ba4 a6 9. Be3 b6 10. Qd2 Qc7 11. Bh6 e6 12. Nh2 Ne8 13. Bxg7 Nxg7 14. Qh6 Bb7 15. Nf3 f6 16. Bxd7 Qxd7 17. g4 d5 18. O-O-O b5 19. b3 d4 20. Ne2 bxc4 21. bxc4 Qa4 22. Kb1 Bxe4 23. dxe4 Rab8+ 24. Ka1 Qa3 25. Nd2 Qb2# 0-1

[Event "Dutch Open 2022"]
[Site "Dieren"]
[Date "2022.08.01"]
[Round "6.15"]
[White "Baselmans, Luuk"]
[Black "De Boer, Bas"]
[Result "1-0"]
[ECO "B51"]
[WhiteElo "2256"]
[BlackElo "2136"]
[Annotator "TA"]
[PlyCount "125"]
[EventDate "2022.07.14"]
[EventType "swiss"]
[EventCountry "NED"]
[SourceTitle "playchess.com"]
[Source "ChessBase"]
[SourceQuality "1"]
[TimeControl "40/5400+30:1800+30"]

1. e4 c5 2. Nf3 d6 3. Bb5+ Nd7 4. d4 cxd4 5. Qxd4 a6 6. Bxd7+ Bxd7 7. Nc3 e5 8. Qd3 {[%emt 0:00:23] B51: Sicilian: Moscow Variation (3 Bb5+) without 3...Bd7.} Rc8 9. O-O h6 10. Rd1 {[%emt 0:02:29] White has an edge.} Nf6 11. Nd2 Bg4 12. Re1 Qc7 13. Nf1 Be7 14. Ne3 Be6 15. a4 O-O 16. a5 Rfd8 {[%emt 0:05:47][%cal Od6d5] [#]} 17. Bd2 $146 ({Predecessor:} 17. h3 Qc6 18. Ncd5 Bxd5 19. exd5 Qd7 20. c4 Nh5 21. Nf5 Bf8 22. b3 e4 23. Nxh6+ gxh6 24. Rxe4 {0-1 (29) Alexiadis,H (2291)-Bok,B (2616) Chess.com INT 2022}) 17... Bf8 18. Ra4 (18. Ncd5 $11 Nxd5 19. exd5) 18... Qd7 (18... d5 $1 $17 {[%cal Rd5d4] Hoping for ...d4.} 19. exd5 (19. Nexd5 Nxd5 20. exd5 Bxd5 $17) 19... Nxd5 $1) 19. Nc4 (19. Raa1 $11 {remains equal.}) 19... Qe8 (19... d5 $1 $17 20. Nxe5 Qe8) 20. Nb6 $11 Nd7 {[%emt 0:04:43] Threatens to win with ...Nxb6.} 21. Rb4 (21. Nxc8 Nc5 22. Qg3 (22. Ne7+ $2 Bxe7 23. Qe2 Nxa4 $19) 22... Nxa4 $15) (21. Be3 $5 ) 21... Rc5 (21... d5 $5 22. Nxc8 Bxb4 23. Nxd5 Nc5 $11) 22. Nbd5 {[%emt 0:04:21] Pair of Knights!} Rdc8 ({Black should try} 22... Rb8 $14) 23. Qg3 (23. Rxb7 Rxc3 $1 24. Bxc3 Nc5 25. Nf6+ gxf6 26. Qg3+ Kh7 $19) 23... Kh8 24. Rxb7 f5 25. f4 $2 {[%emt 0:07:42] White is much more active.} (25. b4 $16 Bxd5 26. exd5) 25... fxe4 $15 26. Ne3 (26. Nb6 $15) 26... d5 $1 $19 27. f5 Bf7 28. Ng4 R5c7 29. Rxc7 Rxc7 30. Rf1 (30. f6 $17 Rc6 31. fxg7+ Bxg7 32. Qh4) 30... Rc6 31. f6 Nxf6 32. Nxe5 Bd6 33. Nxf7+ Qxf7 34. Qh4 (34. Qh3) 34... Bc5+ 35. Kh1 e3 36. Be1 Qg6 (36... d4 $142 37. Ne4 Qc4) 37. Nxd5 Nxd5 ({Black should play} 37... e2 $19 38. Rf4 Qe8) 38. Qd8+ $11 Kh7 39. Qxd5 Be7 (39... e2 $5 40. Rf4 Be7 $11) 40. Bc3 e2 (40... Rd6 $5 41. Qf3 Re6 $11) 41. Re1 Re6 42. g3 Qg4 {[%emt 0:04:47] [#]} (42... Kh8 $142) 43. Qd3+ ({Not} 43. Be5 $2 Qf5 44. Qg2 Qxe5 $19) (43. Kg2 $142 $1) 43... Kh8 $16 {[%emt 0:03:24] [#]} 44. Kg2 $1 Re4 $2 (44... Bb4 $16 {is a better chance.}) 45. Qxa6 $18 Bc5 46. Qxh6+ ({Weaker is} 46. b4 Bxb4 47. Bxb4 Rxb4 48. Qxe2 Qxe2+ 49. Rxe2 Ra4 50. Re8+ Kh7 $18) 46... Kg8 47. Qd2 {[%emt 0:00:00] Qd5+ is the strong threat.} Qe6 {[%emt 0:01:11] Against Qd5} 48. Qg5 Bf8 49. h3 Qc6 {[%emt 0:04:20] ( -> ...Rf4+)} 50. Kh2 Re6 51. Qg4 Re4 52. Qf3 Qe8 53. a6 Bc5 54. Bd2 Kh8 (54... Ba7 $142 55. b4 Qe5) 55. b4 Ba7 56. c3 {[%emt 0:01:06][%cal Oc3c4] aiming for c4!} Re6 (56... Qe6 $142 57. b5 Qc4) 57. Bf4 Qe7 58. Kg2 g6 {[%emt 0:00:25] [#]} 59. Bg5 $1 Qe8 60. Bf6+ Kg8 61. Bd4 Bxd4 62. cxd4 {[%emt 0:00:06] Black must now prevent a7.} Qe7 (62... Rxa6 $142 63. Rxe2 Qf7) 63. b5 {[%emt 0:00:59] What a bad dream for Black.  Weighted Error Value: White=0.36/Black=0.47} 1-0

[Event "Dutch Open 2022"]
[Site "Dieren"]
[Date "2022.08.01"]
[Round "6.16"]
[White "Roorda, Thijs"]
[Black "Albers, Sasa"]
[Result "0-1"]
[ECO "B11"]
[WhiteElo "2113"]
[BlackElo "2203"]
[Annotator "RC"]
[PlyCount "106"]
[EventDate "2022.07.14"]
[EventType "swiss"]
[EventCountry "NED"]
[SourceTitle "playchess.com"]
[Source "ChessBase"]
[SourceQuality "1"]
[TimeControl "40/5400+30:1800+30"]

1. e4 c6 2. Nf3 d5 3. Nc3 Nf6 4. e5 Ne4 5. Ne2 Qb6 6. d4 e6 7. c3 c5 8. Qb3 Nc6 9. Be3 Bd7 10. dxc5 Qc7 11. Ned4 Nxc5 12. Nb5 Qb8 13. Bxc5 Bxc5 14. c4 Nxe5 15. O-O-O Nxf3 16. gxf3 O-O 17. cxd5 Qf4+ 18. Kb1 Rac8 19. Nc3 Bxf2 20. Bh3 Qxf3 21. dxe6 Bxe6 22. Bxe6 fxe6 23. Qxe6+ Kh8 24. Qd5 Qf6 25. Ne4 Qg6 26. Rd3 Bb6 27. Rhd1 h6 28. Qxb7 Rb8 29. Rd6 Qxd6 30. Nxd6 Rxb7 31. Nxb7 Rf2 32. a4 Rxh2 33. a5 Bc7 34. Rd5 Re2 35. Nd8 g5 36. Nf7+ Kg7 37. Rd7 Bxa5 38. Nxg5+ Kg6 39. Nh3 Re1+ 40. Kc2 Bb6 41. Rd6+ Kh5 42. Nf4+ Kg5 43. Nh3+ Kg4 44. Rxh6 Re2+ 45. Kb1 Rh2 46. Rc6 Rxh3 47. Ka2 Kf5 48. Rc4 Ke5 49. b3 Kd5 50. Kb2 Rh2+ 51. Kc3 Ba5+ 52. Kd3 Rd2+ 53. Ke3 Rb2 0-1

[Event "Dutch Open 2022"]
[Site "Dieren"]
[Date "2022.08.02"]
[Round "7.1"]
[White "De Winter, Arthur"]
[Black "Lahaye, Rick"]
[Result "1/2-1/2"]
[ECO "B56"]
[WhiteElo "2150"]
[BlackElo "2417"]
[Annotator "RC"]
[PlyCount "42"]
[EventDate "2022.07.14"]
[EventType "swiss"]
[EventCountry "NED"]
[SourceTitle "playchess.com"]
[Source "ChessBase"]
[SourceQuality "1"]
[TimeControl "40/5400+30:1800+30"]

1. e4 c5 2. Nf3 d6 3. d4 cxd4 4. Nxd4 Nf6 5. Nc3 Bd7 6. Bg5 e6 7. Ndb5 Bxb5 8. Bxb5+ Nc6 9. e5 dxe5 10. Qf3 Be7 11. Bxc6+ bxc6 12. Qxc6+ Kf8 13. O-O Qc8 14. Qf3 Rb8 15. Rab1 h6 16. Be3 Qc7 17. Ne4 Nxe4 18. Qxe4 f5 19. Qd3 Kf7 20. c4 Rhd8 21. Qe2 Bc5 1/2-1/2

[Event "Dutch Open 2022"]
[Site "Dieren"]
[Date "2022.08.02"]
[Round "7.2"]
[White "Van Roon, Sjoerd"]
[Black "Maatman, Nick"]
[Result "1-0"]
[ECO "B18"]
[WhiteElo "2310"]
[BlackElo "2368"]
[Annotator "RC"]
[PlyCount "95"]
[EventDate "2022.07.14"]
[EventType "swiss"]
[EventCountry "NED"]
[SourceTitle "playchess.com"]
[Source "ChessBase"]
[SourceQuality "1"]
[TimeControl "40/5400+30:1800+30"]

1. e4 c6 2. d4 d5 3. Nc3 dxe4 4. Nxe4 Bf5 5. Ng3 Bg6 6. Nh3 e6 7. Bc4 Nf6 8. Nf4 Bd6 9. O-O Qc7 10. Nxg6 hxg6 11. Qf3 Nbd7 12. Re1 O-O-O 13. a4 c5 14. dxc5 Bxc5 15. a5 Ne5 16. Rxe5 Qxe5 17. a6 Nd5 18. Be2 bxa6 19. Bxa6+ Kc7 20. c4 Qe1+ 21. Nf1 Qxf2+ 22. Qxf2 Bxf2+ 23. Kxf2 Nb4 24. Bf4+ e5 25. Bxe5+ Kb6 26. c5+ Kxc5 27. Bxg7 Rhe8 28. Be2 Kb6 29. Bc3 Nd3+ 30. Kg1 Rd7 31. Bf3 Ne5 32. Bd1 Nc6 33. Kf2 f5 34. Ne3 Kc5 35. Ba4 Re4 36. Bxc6 Kxc6 37. Ra6+ Kb5 38. Rxg6 Rde7 39. Nf1 Rf4+ 40. Kg1 Re2 41. h3 a5 42. Ng3 Rc2 43. Rg5 a4 44. Nxf5 Rc1+ 45. Kh2 a3 46. Ne3+ Kc6 47. Ra5 Re4 48. Nf5 1-0

[Event "Dutch Open 2022"]
[Site "Dieren"]
[Date "2022.08.02"]
[Round "7.3"]
[White "Bus, Tom"]
[Black "Domalchuk-Jonasson, Aleksandr"]
[Result "0-1"]
[ECO "A13"]
[WhiteElo "2102"]
[BlackElo "2244"]
[Annotator "RC"]
[PlyCount "82"]
[EventDate "2022.07.14"]
[EventType "swiss"]
[EventCountry "NED"]
[SourceTitle "playchess.com"]
[Source "ChessBase"]
[SourceQuality "1"]
[TimeControl "40/5400+30:1800+30"]

1. c4 Nf6 2. Nf3 e6 3. g3 d5 4. Bg2 dxc4 5. Qa4+ Nbd7 6. O-O a6 7. Qxc4 c5 8. d3 b5 9. Qc2 Bb7 10. a4 Be7 11. axb5 axb5 12. Rxa8 Bxa8 13. Na3 Qb6 14. Qb3 Bc6 15. Nh4 Bxg2 16. Nxg2 b4 17. Nc4 Qc6 18. Bg5 O-O 19. Ra1 Ra8 20. Ra2 Nd5 21. Bxe7 Nxe7 22. e4 Ra6 23. Nge3 Qa8 24. Rxa6 Qxa6 25. Nc2 Nc6 26. Kg2 h6 27. f4 Kf8 28. Kf2 Ke7 29. Ke3 Qa8 30. d4 Nxd4 31. Nxd4 cxd4+ 32. Kf2 Qxe4 33. Qxb4+ Kf6 34. Qb5 g5 35. Nd6 Qc2+ 36. Kg1 Ke7 37. Nxf7 d3 38. Ne5 Nxe5 39. fxe5 d2 40. Qb7+ Kf8 41. Qf3+ Kg8 0-1

[Event "Dutch Open 2022"]
[Site "Dieren"]
[Date "2022.08.02"]
[Round "7.4"]
[White "Baselmans, Sam"]
[Black "Balaji Sekar"]
[Result "0-1"]
[ECO "B21"]
[WhiteElo "2182"]
[BlackElo "1189"]
[Annotator "RC"]
[PlyCount "122"]
[EventDate "2022.07.14"]
[EventType "swiss"]
[EventCountry "NED"]
[SourceTitle "playchess.com"]
[Source "ChessBase"]
[SourceQuality "1"]
[TimeControl "40/5400+30:1800+30"]

1. e4 c5 2. Be2 Nc6 3. d3 g6 4. f4 Bg7 5. Nf3 e6 6. O-O Nge7 7. c3 d5 8. Qe1 O-O 9. Na3 b6 10. Rb1 Ba6 11. e5 d4 12. b4 cxb4 13. cxb4 b5 14. Bb2 Rc8 15. Rc1 Qb6 16. Nc2 Nd5 17. g3 Bb7 18. Qf2 Ndxb4 19. Nxb4 Nxb4 20. Bxd4 Qa5 21. a3 Rxc1 22. Rxc1 Qxa3 23. Ra1 Qb3 24. Rxa7 Bd5 25. Ne1 Nc6 26. Ra1 Nxd4 27. Qxd4 Rc8 28. Bd1 Qc3 29. Qxc3 Rxc3 30. Rb1 Bf8 31. Kf1 b4 32. Rb2 b3 33. Ke2 Ba3 34. Rb1 Bc1 35. Bc2 Ba3 36. Bd1 Bc1 37. Bc2 b2 38. Kd1 Ba2 39. Rxc1 bxc1=Q+ 40. Kxc1 Bd5 41. Kd2 Ra3 42. Kc1 Kg7 43. Kb2 Ra2+ 44. Kc3 Ra1 45. Kd2 h6 46. h4 g5 47. hxg5 hxg5 48. Bd1 Ra2+ 49. Ke3 Ra1 50. Kd2 Kg6 51. Nc2 Ra2 52. Ke3 Bb3 53. Nb4 Ra4 54. Bxb3 Rxb4 55. Bc2 Rb2 56. Ba4 Kf5 57. Be8 Rb7 58. Bc6 Rb4 59. Be4+ Rxe4+ 60. dxe4+ Kg4 61. fxg5 Kxg3 0-1

[Event "Dutch Open 2022"]
[Site "Dieren"]
[Date "2022.08.02"]
[Round "7.5"]
[White "Gilmanov, Mansur"]
[Black "Kumar, Prajit Sai"]
[Result "1/2-1/2"]
[ECO "D02"]
[WhiteElo "2377"]
[BlackElo "2040"]
[Annotator "RC"]
[PlyCount "51"]
[EventDate "2022.07.14"]
[EventType "swiss"]
[EventCountry "NED"]
[SourceTitle "playchess.com"]
[Source "ChessBase"]
[SourceQuality "1"]
[TimeControl "40/5400+30:1800+30"]

1. d4 d5 2. Nf3 Nf6 3. g3 c5 4. Bg2 cxd4 5. Nxd4 e5 6. Nb3 Be6 7. O-O h6 8. f4 exf4 9. gxf4 Nc6 10. f5 Bd7 11. Nc3 Qb6+ 12. e3 O-O-O 13. Nxd5 Nxd5 14. Qxd5 Be6 15. Qf3 Bd5 16. Qf2 Bxg2 17. Kxg2 Bd6 18. e4 Qb4 19. Re1 Rhe8 20. c3 Qa4 21. Nd4 Bc5 22. b3 Bxd4 23. bxa4 Bxf2 24. Kxf2 Ne5 25. Rg1 h5 26. h3 1/2-1/2

[Event "Dutch Open 2022"]
[Site "Dieren"]
[Date "2022.08.02"]
[Round "7.6"]
[White "Elgersma, Onno"]
[Black "Ypma, Peter"]
[Result "1/2-1/2"]
[ECO "C65"]
[WhiteElo "2316"]
[BlackElo "2346"]
[Annotator "RC"]
[PlyCount "216"]
[EventDate "2022.07.14"]
[EventType "swiss"]
[EventCountry "NED"]
[SourceTitle "playchess.com"]
[Source "ChessBase"]
[SourceQuality "1"]
[TimeControl "40/5400+30:1800+30"]

1. e4 e5 2. Nf3 Nc6 3. Bb5 Nf6 4. d3 Bc5 5. O-O d6 6. c3 O-O 7. Bg5 Bb6 8. a4 a6 9. Bc4 Ne7 10. Nbd2 c6 11. Ba2 Ng6 12. Nh4 Nxh4 13. Bxh4 h6 14. Bg3 Bg4 15. Qc2 Nh5 16. Kh1 Bc7 17. d4 Qf6 18. Qd3 exd4 19. cxd4 Nxg3+ 20. fxg3 Qg6 21. Nf3 Bd8 22. Rae1 Bf6 23. Qd2 b5 24. Bb1 Bg5 25. Qc3 Qe6 26. e5 Qc4 27. Qxc4 bxc4 28. exd6 Bxf3 29. Rxf3 Rad8 30. Ba2 Rxd6 31. Bxc4 Rxd4 32. b3 a5 33. Rf5 Bd2 34. Rd1 Rfd8 35. Bxf7+ Kh7 36. h4 Bb4 37. Rxd4 Rxd4 38. h5 Rd3 39. Bg6+ Kg8 40. Re5 Rd1+ 41. Kh2 Re1 42. Rf5 Re3 43. Rf7 Rxb3 44. Rc7 Kf8 45. Rxc6 Ra3 46. Re6 Be7 47. Re4 Rc3 48. Kh3 Rc8 49. Kg4 Rb8 50. Kf5 Rb4 51. Re5 Rxa4 52. Rb5 Rd4 53. Rxa5 Rd8 54. g4 Rb8 55. Ra6 Bd8 56. Ra7 Be7 57. Ke6 Bg5 58. Ra6 Kg8 59. Rc6 Rf8 60. Rc7 Rf6+ 61. Kd7 Rf8 62. Be8 Rf1 63. Rc8 Rf8 64. Ra8 Bh4 65. Ra3 Bg5 66. g3 Rf1 67. Ra8 Rf8 68. Rc8 Kh8 69. Rb8 Kg8 70. Rb5 Rf1 71. Bg6 Rf8 72. Rb7 Rf6 73. Rb5 Rf8 74. Be4 Rf7+ 75. Ke6 Re7+ 76. Kd5 Re8 77. Kd4 Bf6+ 78. Kd3 Rd8+ 79. Bd5+ Kh7 80. Ke3 Bg5+ 81. Ke4 Re8+ 82. Kf5 Rf8+ 83. Ke5 Bf6+ 84. Ke6 Bg5 85. Rb7 Rf6+ 86. Kd7 Rf8 87. Rb5 Rd8+ 88. Ke6 Rf8 89. Be4+ Kg8 90. Bg6 Rf6+ 91. Kd7 Rf8 92. Rb7 Rf6 93. Rb8+ Rf8 94. Bh7+ Kf7 95. Rb7 Rd8+ 96. Kc6+ Kf8 97. Rc7 Rd1 98. Bc2 Rd4 99. Bb3 Rxg4 100. Rf7+ Ke8 101. Rxg7 Rxg3 102. Bd5 Bf4 103. Rh7 Rc3+ 104. Kb5 Rc7 105. Rh8+ Ke7 106. Bc6 Kf6 107. Rg8 Rg7 108. Rxg7 Kxg7 1/2-1/2